 Dungeon Crawl Stone Soup version 0.30-a0-782-ge64f9170bb (webtiles) character file.

Game seed: 8136231840102888771

72 Dirtsage the Chopper (level 4, 33/35 HPs)
             Began as a Demonspawn Fighter on Mar 13, 2023.
             Quit the game on level 3 of the Dungeon.
             The game lasted 00:01:44 (1309 turns).

Dirtsage the Chopper (Demonspawn Fighter)           Turns: 1309, Time: 00:01:45

Health: 33/35      AC:  6    Str: 18    XL:     4   Next: 6%
Magic:  4/4        EV:  9    Int:  9    God:
Gold:   78         SH:  4    Dex: 13    Spells: 3/3 levels left

rFire   . . .      SeeInvis .    a - +0 war axe
rCold   . . .      Faith    .    c - +0 buckler
rNeg    . . .      Spirit   .    b - +0 scale mail
rPois   .          Reflect  .    (helmet restricted)
rElec   .          Harm     .    (no cloak)
rCorr   .          Rampage  .    (no gloves)
Will    .....                    (no boots) Stlth
                                 (no amulet)
HPRegen 0.25/turn                (no ring)
MPRegen 0.09/turn                (no ring)

@: no status effects
A: antennae 1, demonic magic 1
a: no special abilities


You were on level 3 of the Dungeon.
You visited 1 branch of the dungeon, and saw 3 of its levels.

You collected 78 gold pieces.

Inventory:

Hand Weapons
 a - a +0 war axe (weapon)
Armour
 b - a +0 scale mail (worn)
 c - a +0 buckler (worn)
Scrolls
 e - a scroll of fear {unknown}
 h - a scroll of blinking {unknown}
 i - a scroll of fog {unknown}
 j - a scroll of immolation {unknown}
Potions
 d - a potion of might
 f - 6 potions of brilliance {unknown}
 g - 3 potions of ambrosia {unknown}
 k - a potion of berserk rage {unknown}


   Skills:
 - Level 3.0 Fighting
 + Level 4.0 Axes
 - Level 2.6 Armour
 - Level 2.6 Shields


You had 3 spell levels left.
You didn't know any spells.
Your spell library contained the following spells:

 Spells                   Type           Power      Damage    Failure   Level
 Necrotise                Necr           0%         1d4       86%         1
 Hailstorm                Conj/Ice       0%         3d3       99%         3
 Vampiric Draining        Necr           0%         2d6       99%         3
 Ice Form                 Ice/Tmut       0%         N/A       100%        4
 Agony                    Necr           0%         N/A       100%        5
 Simulacrum               Ice/Necr       0%         N/A       100%        6


Dungeon Overview and Level Annotations

Branches:
Dungeon (3/15)

Altars:

Shops:
D:1 =


Innate Abilities, Weirdness & Mutations

You have a pair of small antennae on your head.
Spells you cast may paralyse adjacent enemies.


Message History

A kobold comes into view.
It is wielding a +0 dagger of electrocution.
The kobold shouts!
The kobold hits you but does no damage.
You miss the kobold. The kobold hits you but does no damage.
You barely miss the kobold. The kobold hits you but does no damage.
You barely miss the kobold. You block the kobold's attack.
The kobold hits you with a +0 dagger of electrocution.
You take 2 damage, and have 27/29 hp.
You slash the kobold!
You kill the kobold!
No target in view!
Things that are here:
a +0 dagger of electrocution; a stone; a kobold corpse You now have 78 gold pieces (gained 7).
Done exploring.
Health restored: 29 You see here a ball python corpse.
There is a stone staircase leading down here.
You climb downwards.
The jelly quivers.
There is a stone staircase leading up here.
A jelly is nearby!
Found a stone staircase leading up.
The jelly hits you but does no damage.
You completely miss the jelly. The jelly barely misses you.
You hit the jelly.
Your hands burn!
The jelly is moderately wounded.
The jelly hits you but does no damage.
You take 2 damage, and have 27/29 hp.
You slash the jelly!
You kill the jelly!
Your Axes skill increases to level 4!
You have reached level 4!
You feel agile.
You feel monstrous as your demonic heritage exerts itself.
Your demonic ancestry asserts itself...
A pair of antennae grows on your head!
You regained 6 hp, and now have 33/35 hp.
MP restored: 4 Are you sure you want to abandon this character and quit the game? (Confirm with "yes".)

### # ..#
##.#
#.##(..#
##.####.@#
#..=.<...#
#...####.#
..... ##..
#.#. #<# #
# .# #


There were no monsters in sight!

Vanquished Creatures
  A jelly (D:3)
  An adder (D:2)
  3 dart slugs
  4 endoplasms
  A giant cockroach (D:2)
  4 goblins
  4 kobolds
  A quokka (D:2)
  2 ball pythons
  2 frilled lizards (D:1)
  6 rats
29 creatures vanquished.

Notes
Turn   | Place    | Note
-------+----------+-------------------------------------------
     0 | D:1      | Dirtsage the Demonspawn Fighter began the quest for the
                  | Orb.
     0 | D:1      | Reached XP level 1. HP: 18/18 MP: 1/1
   110 | D:1      | Reached skill level 2 in Axes
   146 | D:1      | Found Joisoagi's Jewellery Shoppe.
   288 | D:1      | Gained mutation: Spells you cast may paralyse adjacent
                  | enemies. [demonic ancestry]
   288 | D:1      | Reached XP level 2. HP: 17/24 MP: 2/2
   801 | D:2      | Reached skill level 3 in Axes
   907 | D:2      | Reached XP level 3. HP: 26/29 MP: 3/3
  1309 | D:3      | Reached skill level 4 in Axes
  1309 | D:3      | Discovered your monstrous ancestry.
  1309 | D:3      | Gained mutation: You have a pair of small antennae on your
                  | head. [demonic ancestry]
  1309 | D:3      | Reached XP level 4. HP: 33/35 MP: 4/4
  1309 | D:3      | Quit the game

Illustrated notes

Levels and vault maps discovered:
D:1:      tarquinn_simple_flora_water_f, layout_rooms, serial_shops, shop
D:2:      layout_basic
D:3:      layout_loops_ring, amethyst_overflow_temple_binary, serial_rivers,
          chequers_serial_rivers_micro_e, chequers_serial_rivers_room_b,
          chequers_serial_rivers_small_3, chequers_serial_rivers_small_a,
          chequers_serial_rivers_small_b, chequers_serial_rivers_marsh,
          roderic_lattice_a, uniq_sigmund, uniq_jessica

Skill      XL: |  1  2  3 |
---------------+----------+-----
Axes           | 2 3 4 |  4.0
Fighting       | |  3.0
Armour         | |  2.6
Shields        | |  2.6

Action                     |  1- 3 |  4- 6 || total
---------------------------+-------+-------++-------
  Melee: War axe           |    70 |       ||    70
 Armour: Scale mail        |    32 |       ||    32
  Dodge: Dodged            |    22 |       ||    22
  Block: Buckler           |    15 |       ||    15

Table legend: (Time is in decaauts)
 A = Elapsed time spent in this place.
 B = Non-inter-level travel time spent in this place.
 C = Inter-level travel time spent in this place.
 D = Time resting spent in this place.
 E = Time spent auto-exploring this place.
 F = Levels seen in this place.
 G = Mean time per level.
                   A        B        C        D        E       F      G
               +--------+--------+--------+--------+--------+-----+--------+
         Total |   1336 |   1295 |     41 |      0 |   1102 |   3 |  445.3 |
       Dungeon |   1336 |   1295 |     41 |      0 |   1102 |   3 |  445.3 |
               +--------+--------+--------+--------+--------+-----+--------+

Top non-repeatable levels by time:
     D:2: 706 daAuts
     D:1: 622 daAuts
     D:3: 7 daAuts
